 Dungeon Crawl Stone Soup version 0.23.2-33-g5129a83184 (webtiles) character file.

Game seed: 4267116453661709864

119 smcx the Magician (level 4, -3/24 HPs)
             Began as a Deep Elf Fire Elementalist on July 17, 2019.
             Slain by a worm (9 damage)
             ... on level 2 of the Dungeon.
             The game lasted 00:04:02 (1857 turns).

smcx the Magician (Deep Elf Fire Elementalist)      Turns: 1857, Time: 00:04:03

Health: -3/24      AC:  2    Str:  5    XL:     4   Next: 74%
Magic:  6/12       EV: 14    Int: 21    God:
Gold:   54         SH:  0    Dex: 15    Spells: 1/11 levels left

rFire    . . .     SeeInvis .   h - +0 hand axe (curse)
rCold    . . .     Gourm    .   (no shield)
rNeg     . . .     Faith    .   a - +0 robe
rPois    .         Spirit   .   (no helmet)
rElec    .         Reflect  .   (no cloak)
rCorr    .         Harm     .   (no gloves)
MR       .....                  (no boots)
Stlth    ++........             (no amulet)
HPRegen  0.08/turn              (no ring)
MPRegen  0.13/turn              (no ring)

@: very slightly contaminated
A: no striking features
a: no special abilities


You were on level 2 of the Dungeon.
You were not hungry.

You visited 1 branch of the dungeon, and saw 3 of its levels.

You collected 54 gold pieces.

Inventory:

Hand Weapons
 e - a +0 dagger
 h - a cursed +0 hand axe (weapon)
Armour
 a - a +0 robe (worn)
Wands
 b - a wand of flame (28)
Scrolls
 d - 2 scrolls of identify
Potions
 f - a potion of curing
 i - 2 potions of invisibility {unknown}
 j - a potion of degeneration {unknown}
 k - a potion of lignification {unknown}
Comestibles
 c - a ration


   Skills:
 + Level 3.7 Dodging
 - Level 2.4 Stealth
 + Level 4.3 Spellcasting
 + Level 2.6 Conjurations
 - Level 4.0 Fire Magic


You had one spell level left.
You knew the following spells:

 Your Spells              Type           Power        Failure   Level  Hunger
a - Flame Tongue          Conj/Fire      ###..        3%          1    None
b - Throw Flame           Conj/Fire      ###...       4%          2    #......
c - Conjure Flame         Conj/Fire      ###.....     9%          3    ##.....
d - Sticky Flame          Conj/Fire      ###.....     28%         4    ####...

Your spell library contained the following spells:

 Spells                   Type           Power        Failure   Level  Hunger
 Inner Flame              Hex/Fire       ##......     16%         3    ##.....
 Fireball                 Conj/Fire      ###.......   63%         5    ######.


Dungeon Overview and Level Annotations

Branches:
Dungeon (3/15)

Altars:
Sif Muna
Trog


Message History

Aim: a jackal The flame tongue hits the jackal!
You kill the jackal!
The goblin completely misses you. The worm closely misses you.
Casting: Flame Tongue (safe; 3% risk of failure)
Confirm with . or Enter, or press ? or * to list all spells.
Aiming: Flame Tongue (safe; 3% risk of failure)
Press: ? - help, Shift-Dir - straight line, f - goblin
Aim: a goblin, wielding a +0 club The flame tongue hits the goblin!
You kill the goblin!
Casting: Flame Tongue (safe; 3% risk of failure)
Confirm with . or Enter, or press ? or * to list all spells.
Aiming: Flame Tongue (safe; 3% risk of failure)
Press: ? - help, Shift-Dir - straight line, f - worm
Aim: a worm (lightly wounded)
The flame tongue hits the worm!
The worm is almost dead.
The worm bites you!
You die...

.......# ###.###........<..#.##
.......# ##.#######...#####.##
.......# ##...# #.......>.##
############....# #...######## ##
#.......#....# #.<.#### # .#
#.#####.#.#### ###.[....# ### .#
#.#####.#.#######........###.#
.###.##........†)#......##..##.#.
........##..####@#.#.#......#..##
.###.#####..####w#.#.#..........#
.# #........##.(........#######.#
.# ########.##.#.#.##...# ### #..
## #..(...#.##...#######..
####.###......'.._..+.# #.#
#####..###.###.# #.# #..# #.# #.#
#.# ##..###'###..


You could see a worm.

Vanquished Creatures
  Terence (D:2)
  Jessica (D:2)
  2 adders (D:2)
  An ooze (D:1)
  A dart slug (D:1)
  2 leopard geckos
  2 giant cockroaches (D:1)
  6 goblins
  5 hobgoblins
  4 jackals
  A quokka (D:2)
  3 bats
  3 frilled lizards
  5 kobolds
  4 rats
41 creatures vanquished.

Notes
Turn   | Place    | Note
-------+----------+-------------------------------------------
     0 | D:1      | smcx the Deep Elf Fire Elementalist began the quest for the
                  | Orb.
     0 | D:1      | Reached XP level 1. HP: 10/10 MP: 6/6
   197 | D:1      | Reached XP level 2. HP: 15/15 MP: 5/8
   558 | D:1      | Reached XP level 3. HP: 19/19 MP: 8/10
   760 | D:2      | Noticed Terence
   770 | D:2      | Killed Terence
  1135 | D:2      | Found a deep blue altar of Sif Muna.
  1196 | D:2      | Reached XP level 4. HP: 19/24 MP: 7/11
  1363 | D:2      | Learned a level 2 spell: Throw Flame
  1367 | D:2      | Learned a level 3 spell: Conjure Flame
  1372 | D:2      | Learned a level 4 spell: Sticky Flame
  1405 | D:2      | Noticed Jessica
  1410 | D:2      | Killed Jessica
  1575 | D:2      | Found a bloodstained altar of Trog.
  1668 | D:2      | HP: 1/24 [poisoned by an adder]
  1857 | D:2      | Slain by a worm

Skill      XL: |  1  2  3  4 |
---------------+-------------+-----
Dodging        | 3 |  3.7
Conjurations   | 2 |  2.6
Spellcasting   | 4 |  4.3
Fire Magic     | 4 |  4.0
Stealth        | |  2.4

Action                   |  1- 3 |  4- 6 || total
-------------------------+-------+-------++-------
 Cast: Flame Tongue      |    47 |    35 ||    82
       Throw Flame       |       |     2 ||     2
  Use: Scroll            |       |     1 ||     1
       Potion            |       |     1 ||     1
  Eat: Chunk             |     1 |     1 ||     2
       Ration            |       |     1 ||     1
Armor: Robe              |     2 |     5 ||     7
Dodge: Dodged            |    11 |    27 ||    38
